 Dungeon Crawl Stone Soup version 0.32-a0-22-g6ae6769602 (webtiles) character file.

Game seed: 4294961500210479357

25 MacCMillion the Shield-Bearer (level 3, 0/29 HPs)
             Began as a Formicid Fighter on Jan 18, 2024.
             Killed by divine providence
             ... invoked by an orc priest
              (8 damage)
             ... on level 3 of the Dungeon.
             The game lasted 00:01:21 (799 turns).

MacCMillion the Shield-Bearer (Formicid Fighter)     Turns: 799, Time: 00:01:21

Health: 0/29       AC:  8    Str: 22    XL:     3   Next: 17%
Magic:  3/3        EV:  9    Int:  7    God:
Gold:   75         SH:  5    Dex: 13    Spells: 2/2 levels left

rFire   . . .        a - +0 war axe
rCold   . . .        c - +0 buckler
rNeg    . . .        b - +0 scale mail
rPois   .            (helmet unavailable)
rElec   .            (no cloak)
rCorr   .            i - +0 pair of gloves
SInv    +            (no boots)
Will    .....        (no amulet) Stlth
                     (no ring)
HPRegen 0.24/turn    (no ring)
MPRegen 0.08/turn

%: no passive effects
@: no status effects
A: permanent stasis, dig shafts and tunnels, antennae 3, four strong arms
a: Dig, Shaft Self


You were on level 3 of the Dungeon.
You visited 1 branch of the dungeon, and saw 3 of its levels.

You collected 75 gold pieces.

Inventory:

Hand Weapons
 a - a +0 war axe (weapon)
Armour
 b - a +0 scale mail (worn)
 c - a +0 buckler (worn)
 i - a +0 pair of gloves (worn)
Jewellery
 h - an amulet of reflection
Scrolls
 f - a scroll of teleportation {unknown}
 k - a scroll of identify {unknown}
Potions
 d - a potion of might
 e - 3 potions of curing {unknown}
 g - a potion of invisibility {unknown}
 j - a potion of degeneration {unknown}


   Skills:
 - Level 3.3 Fighting
 + Level 3.4 Axes
 - Level 3.3 Armour
 - Level 4.0 Shields


You had 2 spell levels left.
You didn't know any spells.
Your spell library contained the following spells:

 Spells                   Type           Power      Damage    Failure   Level
 Slow                     Hex            0%         N/A       83%         1
 Ensorcelled Hibernation  Hex/Ice        0%         N/A       92%         2
 Confusing Touch          Hex            0%         N/A       99%         3
 Gell's Gravitas          Tloc           0%         N/A       99%         3
 Passwall                 Erth           0%         N/A       99%         3
 Sigil of Binding         Hex            0%         N/A       99%         3
 Teleport Other           Tloc           0%         N/A       99%         3
 Vampiric Draining        Necr           0%         2d6       99%         3
 Dispersal                Tloc           0%         N/A       100%        6
 Swiftness                Air            Unusable   N/A       N/A         3

Dungeon Overview and Level Annotations

Branches:
Dungeon (3/15)

Altars:

Annotations:
D:2 Terence


Innate Abilities, Weirdness & Mutations

You cannot be hasted, slowed, berserked, paralysed or teleported.
You can dig through walls and to a lower floor.
You have a pair of large antennae on your head. (SInv)
Your four strong arms can wield two-handed weapons with a shield.


Message History

The ball python bites you. The ball python constricts you.
The kobold completely misses you.
The ball python's grasp on you weakens, but your attempt to escape fails.
The bat barely misses you.
The ball python bites you but does no damage.
The ball python constricts you. The kobold hits you but does no damage.
You escape the ball python's grasp.
The bat closely misses you. The kobold hits you with a +0 club.
The bat hits you but does no damage.
You slash the goblin!
You kill the goblin!
The bat barely misses you. The ball python closely misses you.
The ball python barely misses you.
You slash the goblin!
You kill the goblin!
You hit the ball python. The ball python barely misses you.
The ball python closely misses you.
The ball python bites you but does no damage.
The ball python grabs you. The ball python constricts you.
You hit the ball python.
You kill the ball python!
The bat closely misses you.
You hit the orc.
The orc is moderately wounded.
The orc hits you with a +0 whip. You block the orc's attack.
You hit the orc.
The orc is severely wounded.
The orc priest invokes the aid of Beogh against you.
Beogh smites you! The orc hits you but does no damage.
You barely miss the orc.
The orc is severely wounded.
The orc hits you with a +0 whip.
* * * LOW HITPOINT WARNING * * *
The hobgoblin barely misses you.
You closely miss the orc.
The orc is severely wounded.
You hit the hobgoblin. The orc hits you but does no damage.
The orc priest invokes the aid of Beogh against you.
Beogh smites you!
You die...

{{....# #.# .# #
g{{#...g###.##.#.##
#.##g..............
#.$....o..........
#...!.,{{{. ....
#.#...{###{##.....
#....g{o{Ko......
#.###.####o####.#
......g@ob.....#
################


You could see an orc priest, 2 orcs, a hobgoblin and a bat.

Vanquished Creatures
  3 endoplasms
  2 goblins (D:3)
  A hobgoblin (D:1)
  3 jackals (D:1)
  5 kobolds
  5 ball pythons
  2 bats (D:1)
  2 frilled lizards
  A rat (D:1)
24 creatures vanquished.

Notes
Turn   | Place    | Note
-------+----------+-------------------------------------------
     0 | D:1      | MacCMillion the Formicid Fighter began the quest for the
                  | Orb.
     0 | D:1      | Reached XP level 1. HP: 18/18 MP: 1/1
   371 | D:1      | Found a faded altar of an unknown god.
   422 | D:1      | Reached XP level 2. HP: 21/24 MP: 2/2
   709 | D:2      | Reached XP level 3. HP: 29/29 MP: 3/3
   757 | D:2      | Noticed Terence
   799 | D:3      | Killed from afar by an orc priest

Illustrated notes

Levels and vault maps discovered:
D:1:      tarquinn_simple_flora_water_f, layout_basic,
          hellmonk_ecumenical_altar_zigzags, minmay_domino_4
D:2:      layout_rooms, uniq_terence
D:3:      layout_loops_ring, mainiacjoe_overflow_small_starburst, serial_shops,
          shop, uniq_robin

Skill      XL: |  1  2 |
---------------+-------+-----
Axes           | 3 |  3.4
Fighting       | |  3.3
Armour         | |  3.3
Shields        | |  4.0

Action                     || total
---------------------------++-------
  Melee: War axe           ||    60
 Armour: Scale mail        ||    52
  Dodge: Dodged            ||    37
  Block: Buckler           ||    18

Table legend: (Time is in decaauts)
 A = Elapsed time spent in this place.
 B = Non-inter-level travel time spent in this place.
 C = Inter-level travel time spent in this place.
 D = Time resting spent in this place.
 E = Time spent auto-exploring this place.
 F = Levels seen in this place.
 G = Mean time per level.
                   A        B        C        D        E       F      G
               +--------+--------+--------+--------+--------+-----+--------+
         Total |    821 |    812 |      9 |     13 |    562 |   3 |  273.7 |
       Dungeon |    821 |    812 |      9 |     13 |    562 |   3 |  273.7 |
               +--------+--------+--------+--------+--------+-----+--------+

Top non-repeatable levels by time:
     D:1: 654 daAuts
     D:2: 147 daAuts
     D:3: 19 daAuts
